 Dungeon Crawl Stone Soup version 0.29-a0-251-g80730f7218 (webtiles) character file.

Game seed: 11227331601059401515

26 sanka the Protected (level 3, -2/31 HPs)
             Began as a Gnoll Wanderer on Mar 5, 2022.
             Was a Believer of Elyvilon.
             Slain by a worm (4 damage)
             ... on level 2 of the Dungeon.
             The game lasted 00:02:47 (1383 turns).

sanka the Protected (Gnoll Wanderer)                Turns: 1383, Time: 00:02:47

Health: -2/31      AC: 11    Str: 14    XL:     3   Next: 8%
Magic:  3/3        EV: 10    Int: 10    God:    Elyvilon [**....]
Gold:   62         SH:  5    Dex: 11    Spells: 3/3 levels left

rFire   . . .      SeeInvis .   a - +0 club
rCold   . . .      Faith    .   (no shield)
rNeg    . . .      Spirit   .   d - +2 scale mail
rPois   .          Reflect  +   j - +0 helmet
rElec   .          Harm     .   (no cloak)
rCorr   .          Rampage  .   (no gloves)
Will    .....                   (no boots)
Stlth   +.........              i - amulet of reflection
HPRegen 0.10/turn               (no ring)
MPRegen 0.08/turn               (no ring)

@: no status effects
A: fangs 1, strong nose, distributed training
a: Renounce Religion, Purification, Heal Other


You were on level 2 of the Dungeon.
You worshipped Elyvilon.
Elyvilon was pleased with you.
You visited 1 branch of the dungeon, and saw 2 of its levels.

You collected 62 gold pieces.


Innate Abilities, Weirdness & Mutations

You have very sharp teeth.
Your uncanny sense of smell can sniff out nearby items.
Your experience applies equally to all skills.


   Skills:
 + Level 4.5 Fighting
 + Level 0.6 Short Blades
 + Level 0.6 Long Blades
 + Level 0.6 Axes
 + Level 0.6 Maces & Flails
 + Level 0.6 Polearms
 + Level 0.6 Staves
 + Level 0.6 Slings
 + Level 0.6 Bows
 + Level 0.6 Crossbows
 + Level 0.6 Throwing
 + Level 8.5 Armour
 + Level 2.5 Dodging
 + Level 2.3 Stealth
 + Level 0.6 Shields
 + Level 0.6 Unarmed Combat
 + Level 0.6 Spellcasting
 + Level 0.4 Conjurations
 + Level 0.4 Hexes
 + Level 0.4 Summonings
 + Level 0.4 Necromancy
 + Level 0.4 Translocations
 + Level 0.4 Transmutations
 + Level 0.4 Fire Magic
 + Level 0.4 Ice Magic
 + Level 0.4 Air Magic
 + Level 0.4 Earth Magic
 + Level 0.4 Poison Magic
 + Level 0.8 Invocations
 + Level 4.5 Evocations


You had 3 spell levels left.
You didn't know any spells.
Your spell library contained the following spells:

 Spells                   Type           Power      Damage    Failure   Level
 Beastly Appendage        Tmut           2%         N/A       71%         1
 Stone Arrow              Conj/Erth      2%         3d7       97%         3
 Animate Armour           Summ/Erth      2%         N/A       100%        4
 Lehudib's Crystal Spear  Conj/Erth      0%         10d2      100%        8

Inventory:

Hand Weapons
 a - a +0 club (weapon)
Missiles
 e - 81 stones
 l - 4 poisoned darts
Armour
 d - a +2 scale mail (worn)
 j - a +0 helmet (worn)
Jewellery
 g - a ring of ice
 i - an amulet of reflection (around neck)
Scrolls
 f - a scroll of immolation {unknown}
 h - a scroll of teleportation {unknown}
 m - a scroll of enchant armour {unknown}
Potions
 b - a potion of lignification {!q}
 k - a potion of might {unknown}
Miscellaneous
 c - a piece from Xom's chessboard (15/15) (quivered)

Dungeon Overview and Level Annotations

Branches:
Dungeon (2/15)

Altars:
Elyvilon

Shops:
D:1

: ▒.▒▒▒▒▒.▒ ▒▒+▒
▒.......▒ ▒▒...▒
▒▒▒▒.▒▒▒▒ ▒▒.....▒▒ ▒▒.▒
▒.......▒▒ ▒▒..▒
........[▒▒▒▒...▒▒▒▒▒▒▒▒▒
.....!...................
.......w.........▒▒▒▒▒▒▒▒
▒.......g▒▒▒▒▒...▒▒ ▒▒
▒▒.....▒†▒ ▒...>..▒ ▒▒.
▒▒...▒▒.▒▒▒.▒...▒▒ ▒..
▒▒+▒ ▒.........▒ ▒▒.
▒▒▒▒▒.▒▒▒▒▒ ▒▒ ▒.▒ ▒ ▒.▒
▒.▒ ▒.▒


You could see a worm.


Message History

The worm bites you but does no damage.
You hit the worm.
The worm is heavily wounded.
You hit the worm. Your punch misses the worm. You bite the worm.
The worm is severely wounded.
The worm barely misses you.
You hit the worm.
The worm is almost dead.
The worm bites you!
* * * LOW HITPOINT WARNING * * *
You barely miss the worm. Your bite misses the worm.
The worm is almost dead.
The worm bites you!
* * * LOW HITPOINT WARNING * * *
You barely miss the worm.
The worm is severely wounded.
You hit the worm.
The worm is almost dead.
The worm bites you. Elyvilon protects you from harm!
You hit the worm but do no damage.
The worm is almost dead.
The worm closely misses you.
You hit the worm.
The worm is almost dead.
The worm bites you.
You die...

Action                   || total
-------------------------++-------
Melee: Club              ||   105
       Bite              ||     8
Armor: Scale mail        ||    37
Dodge: Dodged            ||    50
Block: Other             ||    10

Levels and vault maps discovered:
D:1:      lemuel_arrival_cross, layout_basic, serial_shops, shop,
          shapermc_ecumenical_altar_rom_forum
D:2:      layout_loops_corners

Notes
Turn   | Place    | Note
-------+----------+-------------------------------------------
     0 | D:1      | sanka the Gnoll Wanderer began the quest for the Orb.
     0 | D:1      | sanka set off with the following items: a +0 club, a potion
                  | of lignification {!q}, a piece from Xom's chessboard
                  | (15/15), a +2 scale mail
     0 | D:1      | Reached XP level 1. HP: 20/20 MP: 1/1
   109 | D:1      | Found a faded altar of an unknown god.
   130 | D:1      | Got Plato's Papyrus of Transmutation
   131 | D:1      | Prayed at the altar of an unknown god.
   131 | D:1      | Became a worshipper of Elyvilon the Healer
   131 | D:1      | Reached * piety under Elyvilon
   300 | D:1      | Reached XP level 2. HP: 26/26 MP: 2/2
   728 | D:1      | Found Gilosme's Book Shoppe.
   763 | D:1      | Reached ** piety under Elyvilon
  1148 | D:2      | Reached XP level 3. HP: 21/31 MP: 3/3
  1379 | D:2      | HP: 2/31 [worm (8)]
  1381 | D:2      | Elyvilon protects you from harm!
  1383 | D:2      | Slain by a worm

Vanquished Creatures
  An adder (D:2)
  3 endoplasms
  2 giant cockroaches (D:1)
  A quokka (D:1)
  3 ball pythons (D:1)
  6 frilled lizards
  A goblin (D:1)
  A kobold (D:1)
  A rat (D:1)
19 creatures vanquished.
